cohdb
Replays
Latest Replays
All Replays
Popular Replays
Top Player Replays
Match Explorer
How It Works
Community
CoH3 Stats
Reddit
Sign in to upload your games and track your stats! →
Sign in with Steam
Match 47322280
Unlisted
Match 47322280
Overview
Messages
Build Orders
End
Panzergrenadier Squad
250 Light Carrier
Panzerpioneer Squad
Construct Light Support Kompanie
MG34 Team
Selects Panzerjäger Kommand Battlegroup
Selects GrB 39 Grenade Launcher Requisition
Selects Blockade Equipment
Fire Support Elements
Flakvierling Half-track
Pak 38 Mechanized Group
Combat Half-tracks
Assault Grenadier Squad
Construct Panzerarmee Kommand
2.5-tonne Medical Truck
Panzer III L Medium Tank
Vehicle Survival Package
Selects Defensive Positions
Selects Butterfly Bomb Drop
Veteran Squad Leaders
Armored Reserves
Tiger Heavy Tank
MG34 Team
Selects Crew Shock Tactics
Butterfly Bomb Drop
Tungsten Core Ammunition
Advanced Field Repairs
Rapid Advance
Crew Shock Tactics
Emergency Repair Kits
Selects Anti-tank Overwatch
Crew Shock Tactics
Advanced Optics
Butterfly Bomb Drop
Crew Shock Tactics
Tiger Heavy Tank
Crew Shock Tactics
Pak 38 Anti-tank Gun Team
Crew Shock Tactics
Panzer IV Assault Group
Pak 38 Anti-tank Gun Team
MG34 Team
Anti-tank Overwatch
Crew Shock Tactics
Clowny
uter300
Sugarfluff
Olleeri
Dem0ni
User1diego
Liperi
Mitking
0
0
Comments
sign in to comment!
No comments posted yet!